 Dungeon Crawl Stone Soup version 0.29.0-11-gd7f09526c8 (webtiles) character file.

Game seed: 15048139700350466152

8486 greasedhog the Covert (level 11, -1/91 HPs)
             Began as a Deep Elf Abyssal Knight on Sept 7, 2022.
             Was an Elder of Lugonu.
             Slain by Erolcha
             ... wielding a +0 giant club
              (24 damage)
             ... on level 10 of the Dungeon.
             The game lasted 00:27:57 (15921 turns).

greasedhog the Covert (Deep Elf Abyssal Knight)    Turns: 15921, Time: 00:27:58

Health: -1/91      AC: 25    Str: 10    XL:     11   Next: 10%
Magic:  6/18       EV:  2    Int: 22    God:    Lugonu [****..]
Gold:   569        SH:  0    Dex: 19    Spells: 8/10 levels left

rFire   + . .      SeeInvis .   h - +4 dagger (vamp)
rCold   . . .      Faith    .   (no shield)
rNeg    . . .      Spirit   .   (body armour currently unavailable)
rPois   +          Reflect  .   (helmet currently unavailable)
rElec   .          Harm     .   (cloak currently unavailable)
rCorr   .          Rampage  .   (gloves currently unavailable)
Will    +....      NoTele   +   (boots currently unavailable)
Stlth   +++++.....              o - amulet of regeneration
HPRegen 1.05/turn               b - +6 ring of intelligence
MPRegen 0.16/turn               B - ring of protection from fire

@: tree-form, studying Transmutations
A: stationary, stasis, torment immunity, boosted hp
a: Renounce Religion, Depart the Abyss, Bend Space, Banish, Corrupt


You were on level 10 of the Dungeon.
You worshipped Lugonu.
Lugonu was greatly pleased with you.
You were a tree.
You visited 2 branches of the dungeon, and saw 11 of its levels.
You visited the Abyss 2 times.
You also visited: Ossuary.

You collected 765 gold pieces.
You spent 196 gold pieces at shops.

Inventory:

Hand Weapons
 h - a +4 vampiric dagger (weapon)
 H - a +0 rapier of freezing
Missiles
 K - 2 curare-tipped darts
Armour
 d - a +1 cloak (melded)
 t - a +2 robe of fire resistance (melded)
 v - a +0 pair of gloves (melded)
 E - a +0 pair of boots (melded)
Jewellery
 b - a +6 ring of intelligence (left branch)
 m - a ring of fire
 o - an amulet of regeneration (around neck)
 p - an amulet of reflection
 B - a ring of protection from fire (right branch)
 C - a ring of flight
 G - an amulet of guardian spirit
Wands
 n - a wand of digging (6)
 s - a wand of light (1)
 x - a wand of polymorph (3)
 M - a wand of roots (3)
Scrolls
 c - 6 scrolls of magic mapping
 e - a scroll of fear
 j - 2 scrolls of immolation
 k - a scroll of poison
 l - 2 scrolls of enchant armour
 q - a scroll of blinking {unknown}
 r - 2 scrolls of amnesia {unknown}
 y - 3 scrolls of butterflies
 I - 5 scrolls of teleportation
 L - a scroll of identify
Potions
 f - 2 potions of ambrosia
 g - 2 potions of degeneration {unknown}
 i - 3 potions of brilliance
 u - 2 potions of resistance {unknown}
 z - 4 potions of lignification
 A - 3 potions of flight {unknown}
 D - 3 potions of attraction
 F - 2 potions of curing
 J - a potion of mutation {unknown}


   Skills:
 - Level 4.1 Fighting
 - Level 10.0 Short Blades
 - Level 0.7 Armour
 * Level 9.0 Dodging
 * Level 11.3 Stealth
 * Level 4.7 Hexes
 - Level 7.7 Invocations


You had 8 spell levels left.
You knew the following spells:

 Your Spells              Type           Power      Damage    Failure   Level
a - Ensorcelled Hibernat  Hex/Ice        20%        N/A       10%         2

Your spell library contained the following spells:

 Spells                   Type           Power      Damage    Failure   Level
 Sandblast                Erth           0%         2d4       17%         1
 Dazzling Flash           Conj/Hex       20%        N/A       19%         3
 Passwall                 Tmut/Erth      0%         N/A       26%         2
 Sublimation of Blood     Necr           0%         N/A       26%         2
 Stone Arrow              Conj/Erth      0%         3d7       45%         3
 Swiftness                Air            0%         N/A       45%         3
 Ice Form                 Ice/Tmut       0%         N/A       86%         4
 Iskenderun's Mystic Bla  Conj/Tloc      0%         2d3       86%         4
 Metabolic Englaciation   Hex/Ice        5%         N/A       87%         5
 Starburst                Conj/Fire      0%         6d3       100%        6
 Haunt                    Necr/Summ      0%         N/A       100%        7


Dungeon Overview and Level Annotations

Branches:
Dungeon (10/15)            Temple (1/1) D:4            Lair (0/5) D:8
Ossuary (visited)
    Orc: D:9-12

Altars:
Ashenzari
Cheibriados
Dithmenos
Elyvilon
Hepliaklqana
Kikubaaqudgha
Makhleb
Okawaru
Uskayaw
Vehumet
Yredelemnul
Zin
The Shining One

Shops:
D:6 *   D:8 :

Annotations:
D:5 2 transporters
D:10 Erolcha, Nergalle


Message History

You feel much better.
Really quaff the potion of lignification?
You turn into a tree.
Your +1 cloak melds into your body.
Your +0 pair of gloves melds into your body.
Your +0 pair of boots melds into your body.
Your +2 robe of fire resistance melds into your body.
You feel less resistant to fire.
Your roots penetrate the ground.
Something hits you but does no damage.
Unknown command.
You hit something but do no damage. You hit something.
Something hits you but does no damage.
You miss something. You miss something. You closely miss something.
Something hits you!
You hit something. You miss something. You hit something.
You feel better. Something hits you!
You hit something but do no damage. You closely miss something.
The shadow slips into darkness.
The shadow flickers and vanishes!
You hit something.
You feel better. Something hits you!
You hit something but do no damage. You hit something.
You barely miss something. Something hits you!
* * * LOW HITPOINT WARNING * * *
You hit something but do no damage.
Aiming: Bolt of Light
Press: ? - help, Shift-Dir - straight line The bolt of light hits something!!
The bolt of light hits something.
Something hits you!
* * * LOW HITPOINT WARNING * * *
Unknown command.
You feel better.
You feel better.
You hear a zap.
A puff of flame appears from out of thin air!
The puff of flame hits you but does no damage.
You hit something but do no damage. Something hits you!!
You die...

#.#.....#.......# #..# #.#
#).)....(..#..... #(.# #.#
#................####..###.#
##.........................#
##.....#..#####..###..##...
##.............. #..#(...
#######.#####.# #..Y....
#{#####.####..#[...
#.♣...........##..Y
#######.####.......
............ ############


There were no monsters in sight!

Vanquished Creatures
  Amaemon (D:10)
  An orange demon (D:10)
  2 kobold demonologists
  An unseen horror (D:8)
  A troll (D:8)
  Grinder (D:3)
  A hornet (D:8)
  3 yaks
  A wraith (D:9)
  5 water moccasins
  A swamp drake (D:6)
  2 black bears
  An ice beast (D:6)
  4 ogres
  A boggart (D:8)
  4 centaurs
  7 kobold brigands
  2 phantoms
  6 bullfrogs
  4 scorpions
  10 wights
  4 killer bees (D:7)
  6 spriggan skeletons (D:9)
  5 howler monkeys
  4 orc priests
  3 hounds
  An iguana (D:4)
  3 orc wizards
  8 mummies (Ossuary)
  4 gnolls
  8 adders
  A river rat (D:3)
  3 shadow imps
  2 white imps
  An ufetubus (D:5)
  3 dart slugs
  A worm (D:4)
  22 orcs
  9 ball pythons
  7 endoplasms
  2 giant cockroaches
  3 goblins
  7 hobgoblins
  5 jackals
  6 quokkas
  4 bats
  4 frilled lizards
  2 hobgoblin zombies (Ossuary)
  32 kobolds
  3 kobold zombies (Ossuary)
  3 orc zombies (Ossuary)
  2 rats
227 creatures vanquished.

Vanquished Creatures (others)
  A vampire mosquito (D:7)
  A wight (D:7)
  An orc (D:7)
  33 fungi (D:8)
  50 plants
86 creatures vanquished.

Grand Total: 313 creatures vanquished

Notes
Turn   | Place    | Note
-------+----------+-------------------------------------------
     0 | Abyss:1  | greasedhog the Deep Elf Abyssal Knight began the quest for
                  | the Orb.
     0 | Abyss:1  | Reached XP level 1. HP: 13/13 MP: 4/4
     1 | D:1      | Escaped the Abyss
   277 | D:1      | Reached XP level 2. HP: 16/18 MP: 5/5
  1156 | D:2      | Reached *** piety under Lugonu
  1157 | D:2      | Reached XP level 3. HP: 12/22 MP: 7/7
  1893 | D:2      | Found a hazy altar of Hepliaklqana.
  2224 | D:2      | Found a faded altar of an unknown god.
  2380 | D:3      | Noticed a phantom
  2398 | D:3      | Killed a phantom
  2399 | D:3      | Reached skill level 2 in Stealth
  2399 | D:3      | Reached XP level 4. HP: 25/27 MP: 8/8
  2596 | D:3      | Reached XP level 5. HP: 31/31 MP: 9/9
  2864 | D:3      | Noticed an ogre
  2879 | D:3      | Killed an ogre
  2880 | D:3      | Reached skill level 3 in Stealth
  2992 | D:3      | Got the Opusculum on the Lethal Iceberg
  3066 | D:3      | Noticed Grinder
  3084 | D:3      | Killed Grinder
  3085 | D:3      | Reached skill level 4 in Stealth
  3085 | D:3      | Reached skill level 5 in Invocations
  3085 | D:3      | Reached XP level 6. HP: 4/36 MP: 11/11
  4099 | D:4      | Reached **** piety under Lugonu
  4166 | D:4      | Reached skill level 5 in Short Blades
  4166 | D:4      | Reached skill level 5 in Stealth
  4166 | D:4      | Reached XP level 7. HP: 40/40 MP: 11/13
  4210 | D:4      | Found an ancient bone altar of Kikubaaqudgha.
  4240 | D:4      | Found a staircase to the Ecumenical Temple.
  4899 | Temple   | Entered the Ecumenical Temple
  4914 | D:5      | Entered Level 5 of the Dungeon
  4955 | D:5      | Found a transporter.
  4962 | D:5      | HP: 1/38 [wight/+3 dagger (1)]
  5624 | D:5      | Reached XP level 8. HP: 26/46 MP: 14/14
  6076 | D:5      | Found a transporter.
  6124 | D:5      | Found an iron altar of Okawaru.
  6924 | D:5      | Found a hazy altar of Hepliaklqana.
  7001 | D:6      | Found a broken altar of Ashenzari.
  7055 | D:6      | Found Peith's Assorted Antiques.
  7063 | D:6      | Bought a scroll labelled APINEG XEQUENT for 28 gold pieces
  7063 | D:6      | Bought a brass wand for 112 gold pieces
  7063 | D:6      | Bought a scroll of identify for 56 gold pieces
  7494 | D:6      | Noticed Sigmund
  7497 | D:6      | Noticed Sigmund
  7503 | D:6      | Killed Sigmund the swamp drake
  7504 | D:6      | Reached skill level 6 in Stealth
  7936 | D:7      | Identified a scroll of acquirement
  7937 | D:7      | Acquired an amulet of guardian spirit
  8017 | D:7      | Found a sand-covered staircase.
  8024 | Ossuary  | Entered an ossuary
  8582 | Ossuary  | Reached XP level 9. HP: 30/52 MP: 16/16
  9362 | D:7      | Reached skill level 7 in Stealth
  9993 | D:7      | Found a white marble altar of Elyvilon.
 10217 | D:7      | Reached ***** piety under Lugonu
 10218 | D:7      | Reached skill level 5 in Dodging
 10218 | D:7      | Reached skill level 8 in Stealth
 11696 | D:8      | Noticed a torpor snail
 11697 | D:8      | Found a snail-covered altar of Cheibriados.
 11697 | D:8      | Noticed a torpor snail
 11730 | D:8      | Noticed a torpor snail
 11761 | D:8      | Paralysed by a hornet for 3 turns
 11769 | D:8      | Reached skill level 9 in Stealth
 11769 | D:8      | Reached XP level 10. HP: 28/56 MP: 17/17
 12060 | D:8      | Found Riethos's Vocational Training.
 12907 | D:8      | Found a staircase to the Lair.
 13327 | D:9      | Noticed an orange demon
 13341 | D:8      | Noticed a soul eater
 13362 | D:8      | Reached skill level 10 in Stealth
 13602 | D:8      | Learned a level 2 spell: Ensorcelled Hibernation
 13841 | D:8      | Reached skill level 1 in Hexes
 14088 | D:9      | Found a glowing golden altar of the Shining One.
 14173 | D:9      | Noticed a two-headed ogre
 14180 | D:9      | Banished a two-headed ogre
 15314 | D:10     | Entered Level 10 of the Dungeon
 15343 | D:10     | Noticed Nergalle
 15517 | D:9      | Reached skill level 11 in Stealth
 15574 | D:10     | Reached skill level 10 in Short Blades
 15623 | D:10     | Noticed an orange demon
 15645 | D:10     | Noticed Amaemon
 15649 | D:10     | Killed an orange demon
 15650 | D:10     | Reached XP level 11. HP: 61/61 MP: 18/18
 15656 | D:10     | Killed Amaemon
 15867 | D:10     | Noticed Erolcha
 15881 | Abyss:1  | Cast into level 1 of the Abyss (Erolcha)
 15882 | D:10     | Escaped the Abyss
 15921 | D:10     | Slain by Erolcha

Illustrated notes

Levels and vault maps discovered:
D:1:      saegor_arrival_simple_e, layout_basic
D:2:      layout_basic, hellmonk_ecumenical_altar_leap_of_faith, basic_altar,
          roderic_roman_lattice, bh_walls_and_bars
D:3:      cheibrodos_old_hovel, layout_basic, minmay_misc_feat_x, uniq_grinder
D:4:      layout_rooms, mainiacjoe_overflow_alcove_1,
          minmay_temple_entry_statues_pillars
D:5:      gammafunk_wand_slinger, layout_rooms, okawaru_metal_pillars_1_2,
          worldfamousw_hep_ancestral_shrine, grunt_ministairs_3
D:6:      layout_loops_ring, ashenzari_altar_1, serial_shops, shop,
          grunt_ministairs_5, uniq_sigmund
D:7:      layout_basic, general_overflow_altar, chequers_ossuary_entry_cave,
          minmay_manual_mess
D:8:      layout_cave_pools, cheibriados_altar_2, due_lair_maze_entry_diamond,
          nicolae_shop_vocational
D:9:      layout_cross, lemuel_round_altar, hangedman_tell_no_tales
D:10:     layout_loops_ring, xom_redecorated, uniq_nergalle, uniq_amaemon,
          uniq_erolcha
Temple:   eino_temple_lava

Skill      XL: |  1  2  3  4  5  6  7  8  9 10 11 |
---------------+----------------------------------+-----
Invocations    | 3 5 6 7 |  7.7
Short Blades   | 3 4 5 7 8 10 | 10.0
Stealth        | 2 4 5 6 9 11 | 11.3
Fighting       | 3 4 |  4.1
Dodging        | 6 8 9 |  9.0
Hexes          | 4 |  4.7
Armour         | |  0.7

Action                   |  1- 3 |  4- 6 |  7- 9 | 10-12 || total
-------------------------+-------+-------+-------+-------++-------
Melee: Short sword       |    42 |       |       |       ||    42
       Dagger            |   101 |   135 |   466 |   404 ||  1106
       Punch             |     1 |     1 |     5 |     5 ||    12
       Rapier            |       |       |   113 |    45 ||   158
 Cast: Ensorcelled Hiber |       |       |       |     8 ||     8
Invok: Banish            |       |       |     2 |     7 ||     9
       Depart the Abyss  |       |       |       |     1 ||     1
Evoke: Wand              |     1 |     6 |    15 |     9 ||    31
  Use: Scroll            |     5 |       |    13 |     3 ||    21
       Potion            |       |       |    15 |     5 ||    20
 Stab: Sleeping          |     5 |     3 |    14 |     5 ||    27
       Invisible         |     2 |     3 |     3 |     5 ||    13
       Distracted        |       |     1 |     2 |       ||     3
Armor: Leather armour    |    37 |       |       |       ||    37
       Robe              |       |    13 |    97 |    64 ||   174
       Skin              |       |       |       |     3 ||     3
Dodge: Dodged            |    76 |    68 |   250 |   218 ||   612
Block: Other             |       |    23 |   103 |    49 ||   175
       Reflection        |       |       |     5 |     2 ||     7
